AoeStats
← ArmoV

Arabian Desert

510294502Analyzed
1v1 RM · 24h ago on Sep 30, 2026· 47m 45s· 2 players
Game mode
Random Map
Map size
Tiny (2 player)
Population
200
Speed
Normal
Resources
Standard
Victory
Conquest
Starting age
Dark Age
Ending age
Imperial Age
RankedLock teamsTeams togetherTeam positionsShared explorationLock speedFull tech treeHidden civsTurbo modeCheats
Victory
Defeat
🇮🇳 Bengalis · India
1410
+16
🇬🇷 Wu · Greece
1402
-16
ArmoV
6:39 Loom
9:28 Feudal Age
10:39 Double-Bit Axe
10:38 Horse Collar
19:56 Castle Age
19:10 Stone Mining
21:41 Bloodlines
22:05 Bow Saw
21:54 Fletching
22:01 Light Cavalry
22:43 Husbandry
22:59 Gold Mining
23:37 Bodkin Arrow
27:14 Scale Barding Armor
31:35 Padded Archer Armor
34:23 Leather Archer Armor
39:08 Chain Barding Armor
41:59 Imperial Age
40:57 Gold Shaft Mining
40:44 Masonry
41:24 Forging
43:21 Plate Barding Armor
44:10 Heavy Hei Guang Cavalry
45:38 Iron Casting
natkhattj
5:11 Loom
6:43 Loom
9:14 Feudal Age
15:10 Double-Bit Axe
21:29 Castle Age
20:10 Fletching
21:35 Padded Archer Armor
21:51 Crossbowman
22:28 Bodkin Arrow
22:54 Bow Saw
26:25 Leather Archer Armor
27:06 Wheelbarrow
27:23 Horse Collar
27:34 Gold Mining
28:26 Elite Skirmisher
29:46 Ballistics
34:00 Gold Shaft Mining
33:18 Stone Mining
37:22 Imperial Age
35:10 Hand Cart
38:09 Bracer
38:39 Ring Archer Armor
37:34 Arbalester
39:17 Chemistry
39:47 Conscription
42:14 Scale Barding Armor
42:20 Forging
43:24 Chain Barding Armor
44:34 Iron Casting
45:31 Gold Shaft Mining
45:54 Plate Barding Armor
44:42 Light Cavalry
45:33 Bloodlines
45:23 Husbandry
47:09 Blast Furnace
46:17 Heavy Plow
47:18 Two-Man Saw
Connection lost

Rejoining the realm…

Still unreachable

The connection could not be restored.

Session expired

The server has moved on; the page needs a fresh start.